Map: Подводный мир РВ

Players

ИИ 1 (эксперт)

  • Race: Protoss Protoss

Doll - Winner!

  • Race: Terran Terran

VOD

Have the link to the VOD?

Description

Time

  • Played on: July 26, 2021, 3:44 p.m.
  • Length: 9:18
Show
View Real Time Build Order
Export as new Build Order

ИИ 1 (эксперт) Protoss 

Build Orders: Zealot Archon 

Get SALT Encoding   

  12  0:00  Probe  
  13  0:13  Probe  
  14  0:19  Pylon  
  14  0:25  Probe  
  15  0:34  Probe  
  15  0:42  Probe  
  16  0:47  Assimilator  
  17  0:50  Gateway  
  17  0:52  Probe  
  18  0:59  Pylon  
  18  1:00  Probe  
  19  1:08  Probe  
  19  1:18  Probe  
  21  1:35  Gateway  
  21  1:37  Zealot, Probe  
  24  1:40  Cybernetics Core  
  24  1:46  Pylon  
  24  1:49  Probe  
  25  1:56  Zealot  
  25  2:01  Probe  
  28  2:13  Probe  
  29  2:18  Warp Gate  
  29  2:21  Adept  
  29  2:22  Adept  
  31  2:28  Gateway  
  33  2:38  Gateway  
  33  2:48  Adept  
  33  2:51  Adept  
  33  2:54  Probe  
  33  2:55  Pylon  
  38  3:12  Adept  
  38  3:14  Adept  
  42  3:21  Adept  
  42  3:23  Pylon  
  42  3:25  Adept  
  46  3:39  Robotics Facility  
  46  3:55  Assimilator  
  46  4:03  Twilight Council  
  46  4:07  Pylon  
  46  4:41  Zealot  
  48  4:53  Templar Archives, Nexus  
  48  5:19  Forge  
  48  5:26  Stalker  
  50  5:30  High Templar  
  52  5:37  Forge  
  52  5:54  High Templar  
  54  6:01  Archon  
  54  6:06  Probe x2  
  56  6:13  Assimilator  
  56  6:15  Probe, Assimilator  
  56  6:18  Probe  
  57  6:23  Probe  
  57  6:24  High Templar  
  60  6:30  Probe  
  62  6:33  Probe  
  63  6:42  Probe  
  63  6:45  Probe  
  63  6:47  High Templar  
  67  6:51  Nexus  
  67  6:52  Stalker  
  69  6:54  Zealot, Probe  
  69  6:56  Zealot, Pylon  
  69  6:57  Probe  
  57  7:06  Probe  
  44  7:12  Zealot  
  44  7:14  Probe  
  44  7:15  High Templar  
  45  7:16  Stalker  
  45  7:19  Zealot  
  45  7:26  Zealot  
  46  7:36  High Templar  
  36  7:45  Zealot  
  23  7:59  Zealot  
  23  8:11  Zealot  
  21  8:13  High Templar  
  21  8:18  Probe  
  21  8:19  Probe  
  18  8:26  Probe  
  13  8:56  High Templar, Probe, Pylon  
  13  8:57  Probe  
Show
View Real Time Build Order
Export as new Build Order

Doll Terran - Winner!

Build Orders: 2 Factory 

Get SALT Encoding   

  12  0:00  SCV  
  13  0:17  Supply Depot  
  13  0:18  SCV  
  14  0:30  SCV  
  16  0:42  SCV  
  16  0:43  Barracks  
  16  0:55  SCV  
  17  1:16  SCV, Command Center  
  18  1:28  SCV  
  18  1:29  Supply Depot  
  18  1:30  Marine  
  20  1:44  Barracks, SCV  
  21  1:48  Marine  
  22  1:54  Refinery  
  22  1:56  SCV  
  23  2:08  Marine, Refinery  
  24  2:09  SCV  
  25  2:22  SCV  
  26  2:26  Marine  
  26  2:28  Orbital Command  
  27  2:32  Marine  
  28  2:37  Orbital Command  
  28  2:44  Marine  
  28  2:50  Marine  
  30  2:56  Factory, SCV  
  31  3:02  Marine  
  31  3:04  SCV  
  33  3:08  Barracks Tech Lab  
  33  3:10  SCV  
  34  3:17  SCV  
  34  3:19  Bunker  
  35  3:21  Barracks Tech Lab  
  35  3:26  Factory, SCV  
  36  3:31  SCV  
  36  3:33  Stimpack  
  37  3:37  Marauder  
  37  3:39  Marine  
  37  3:41  Factory Tech Lab  
  40  3:43  SCV  
  40  3:45  SCV  
  42  3:49  Supply Depot  
  42  3:55  SCV  
  42  3:57  SCV  
  42  3:58  Marauder  
  46  4:03  Combat Shield  
  46  4:10  Supply Depot, Factory Tech Lab  
  46  4:13  SCV x2  
  46  4:16  Marauder  
  50  4:21  Supply Depot  
  50  4:22  Marauder  
  52  4:26  SCV x2  
  54  4:41  Starport, SCV x2  
  54  4:42  Marine  
  54  4:44  Marauder  
  59  4:56  Supply Depot x2  
  59  4:58  SCV x2  
  61  5:00  Engineering Bay  
  61  5:03  Marauder, Engineering Bay  
  61  5:05  Ghost Academy  
  63  5:08  Refinery  
  63  5:11  Refinery, SCV  
  63  5:12  SCV  
  65  5:17  Marauder  
  65  5:18  Concussive Shells  
  65  5:21  Starport Tech Lab  
  67  5:25  SCV x2  
  69  5:37  Command Center  
  69  5:38  Siege Tank  
  69  5:39  SCV  
  69  5:40  SCV  
  69  5:41  Marine x2  
  76  5:48  Medivac  
  78  5:55  Barracks  
  78  5:56  Barracks, SCV x2  
  80  6:02  Cyclone  
  83  6:09  SCV x2  
  85  6:13  Supply Depot  
  85  6:14  Supply Depot  
  85  6:31  Terran Infantry Armor Level 1, Terran Infantry Weapons Level 1  
  85  6:32  Personal Cloaking  
  85  6:45  Barracks Tech Lab  
  85  6:46  Barracks Tech Lab  
Tags
 
Add a new tag
Caveats
  • Supply blocks, unpowered buildings, or Contaminate may cause inaccurate times.
  • Supply counts are checked every 10 seconds.